 Dungeon Crawl Stone Soup version 0.29-a0-512-gf59ac788ac (webtiles) character file.

Game seed: 17043093792884419358

1552 NateTC the Blocker (level 9, 0/72 HPs)
             Began as a Formicid Fighter on May 29, 2022.
             Was an Initiate of Okawaru.
             Slain by Maggie
             ... wielding a +0 morningstar of distortion
              (5 damage)
             ... on level 6 of the Dungeon.
             The game lasted 00:19:59 (6447 turns).

NateTC the Blocker (Formicid Fighter)               Turns: 6447, Time: 00:19:59

Health: 0/72       AC: 10    Str: 25    XL:     9   Next: 12%
Magic:  9/9        EV:  8    Int:  8    God:    Okawaru [......]
Gold:   133        SH:  0    Dex: 10    Spells: 8/8 levels left

rFire   . . .      SeeInvis +   a - +1 war axe
rCold   . . .      Faith    +   c - +0 buckler
rNeg    . . .      Spirit   .   j - +0 chain mail {rPois}
rPois   +          Reflect  .   (helmet unavailable)
rElec   .          Harm     .   l - +0 cloak
rCorr   .          Rampage  .   (no gloves)
Will    .....                   (no boots)
Stlth   ..........              g - amulet of faith
HPRegen 0.22/turn               o - ring of poison resistance
MPRegen 0.11/turn               (no ring)

@: confused, ambrosia-drunk, mesmerised
A: permanent stasis, dig shafts and tunnels, antennae 3, four strong arms
a: Dig, Shaft Self, Renounce Religion


You were on level 6 of the Dungeon.
You worshipped Okawaru.
Okawaru was noncommittal.
You visited 2 branches of the dungeon, and saw 7 of its levels.

You collected 313 gold pieces.
You spent 180 gold pieces at shops.

Inventory:

Hand Weapons
 a - a +1 war axe (weapon)
Armour
 c - a +0 buckler (worn)
 j - a +0 chain mail of poison resistance (worn)
 l - a +0 cloak (worn)
Jewellery
 g - an amulet of faith (around neck)
 o - a ring of poison resistance (left hand)
Wands
 n - a wand of flame (12)
Scrolls
 b - a scroll of poison
Potions
 d - a potion of flight
 e - 3 potions of magic
 h - 2 potions of curing
 i - a potion of attraction {unknown}
 k - a potion of degeneration {unknown}
 m - a potion of haste {unknown}
 q - a potion of lignification


   Skills:
 - Level 7.5 Fighting
 - Level 7.0 Axes
 - Level 3.2 Armour
 * Level 8.6 Shields


You had 8 spell levels left.
You didn't know any spells.
Your spell library was empty.

Dungeon Overview and Level Annotations

Branches:
Dungeon (6/15)             Temple (1/1) D:4

Altars:
Cheibriados
Dithmenos
Hepliaklqana
Kikubaaqudgha
Makhleb
Okawaru
Qazlal
Trog
Uskayaw
Vehumet
Xom
Zin
The Shining One

Shops:
D:1 *

Annotations:
D:5 1 runed translucent door, Crazy Yiuf
D:6 Maggie


Innate Abilities, Weirdness & Mutations

You cannot be hasted, slowed, berserked, paralysed or teleported.
You can dig through walls and to a lower floor.
You have a pair of large antennae on your head. (SInv)
Your four strong arms can wield two-handed weapons with a shield.


Message History

* * * LOW HITPOINT WARNING * * *
You hit Duvessa but do no damage.
Duvessa is almost dead.
You hit Maggie. Duvessa closely misses you. Maggie hits you but does no damage.
Duvessa closely misses you.
You feel much better. You block Maggie's attack.
Duvessa hits you with a +0 short sword!
You closely miss Duvessa.
Duvessa is almost dead.
You hit Maggie. You block Duvessa's attack. You block Maggie's attack.
Duvessa hits you with a +0 short sword! Maggie barely misses you.
You barely miss Duvessa.
Duvessa is almost dead.
You slash Maggie! Duvessa hits you with a +0 short sword!
* * * LOW HITPOINT WARNING * * *
Duvessa hits you but does no damage.
Maggie mumbles some strange words.
Maggie draws you further into her thrall.
You hit Duvessa but do no damage.
Duvessa is almost dead.
You hit Maggie. Duvessa hits you but does no damage. Maggie barely misses you.
Duvessa hits you with a +0 short sword.
* * * LOW HITPOINT WARNING * * *
You slash Duvessa!
You kill Duvessa!
Okawaru accepts your kill.
You hit Maggie.
Maggie hits you with a +0 morningstar of distortion.
* * * LOW HITPOINT WARNING * * *
Space warps around you.
* * * LOW HITPOINT WARNING * * *
You feel better.
Maggie casts a spell.
Maggie draws you further into her thrall.
You are confused.
You feel invigorated.
Maggie hits you with a +0 morningstar of distortion!
* * * LOW HITPOINT WARNING * * *
Space warps around you.
You die...

## .. .. #. . .. e
##. .# # #..#
#####.##.#
#...####.........
##...@.##..@......
#...))@##.........
#...#..))##....e....
#.#
#....)รท>..###### #
#######..e....
....<.... ##........
#########


You could see Maggie (mesmerising).

Vanquished Creatures
  Grinder (D:3)
  Sigmund (D:2)
  Duvessa (D:6)
  A sky beast (D:4)
  2 black bears
  An ogre (D:5)
  A phantom (D:5)
  A kobold brigand (D:5)
  A gnoll sergeant (D:6)
  A scorpion (D:5)
  Dowan (D:6)
  4 hounds
  3 iguanas
  Robin (D:3)
  4 gnolls
  6 adders
  A shadow imp (D:5)
  A white imp (D:5)
  2 ufetubi
  2 worms
  4 dart slugs
  2 orcs (D:5)
  5 bats
  7 endoplasms
  6 giant cockroaches
  8 hobgoblins
  3 jackals (D:5)
  3 quokkas
  5 ball pythons
  3 frilled lizards
  14 goblins
  9 kobolds
  4 rats
109 creatures vanquished.

Notes
Turn   | Place    | Note
-------+----------+-------------------------------------------
     0 | D:1      | NateTC the Formicid Fighter began the quest for the Orb.
     0 | D:1      | Reached XP level 1. HP: 18/18 MP: 1/1
   174 | D:1      | Reached XP level 2. HP: 20/24 MP: 2/2
   529 | D:1      | Reached XP level 3. HP: 29/29 MP: 3/3
   892 | D:1      | Found Qeiciuz's Assorted Antiques.
  1286 | D:2      | Noticed Sigmund
  1308 | D:2      | HP: 1/29 [Sigmund/+0 scythe (5)]
  1309 | D:2      | Killed Sigmund
  1310 | D:2      | Reached skill level 5 in Axes
  1310 | D:2      | Reached XP level 4. HP: 2/35 MP: 4/4
  1310 | D:2      | Reached XP level 5. HP: 2/41 MP: 5/5
  1310 | D:2      | Reached XP level 6. HP: 2/47 MP: 6/6
  1657 | D:2      | Found a faded altar of an unknown god.
  2105 | D:3      | Found a glowing golden altar of the Shining One.
  2151 | D:3      | Noticed Grinder
  2177 | D:3      | Killed Grinder
  2178 | D:3      | Reached XP level 7. HP: 14/53 MP: 7/7
  2655 | D:3      | Noticed Robin
  2670 | D:3      | Killed Robin
  3348 | D:4      | Reached skill level 5 in Fighting
  3571 | D:4      | Reached XP level 8. HP: 59/64 MP: 8/8
  3624 | D:4      | Found a staircase to the Ecumenical Temple.
  3633 | Temple   | Entered the Ecumenical Temple
  3999 | D:4      | Found a glowing silver altar of Zin.
  4246 | D:5      | Entered Level 5 of the Dungeon
  4801 | D:5      | Reached skill level 5 in Shields
  5306 | D:5      | Reached skill level 6 in Shields
  5419 | D:5      | Found an iron altar of Okawaru.
  5427 | D:5      | Became a worshipper of Warmaster Okawaru
  5532 | D:5      | Found a runed translucent door.
  5533 | D:5      | Noticed Crazy Yiuf
  5560 | D:5      | Found an ancient bone altar of Kikubaaqudgha.
  5907 | D:1      | Bought a shiny bone wand for 80 gold pieces
  5907 | D:1      | Bought an ivory ring for 100 gold pieces
  5985 | D:6      | Reached skill level 7 in Shields
  5987 | D:6      | Noticed Dowan
  6286 | D:6      | Reached XP level 9. HP: 47/72 MP: 9/9
  6288 | D:6      | Noticed Duvessa
  6288 | D:6      | Noticed Maggie
  6434 | D:6      | Killed Dowan
  6435 | D:6      | Reached skill level 8 in Shields
  6445 | D:6      | Killed Duvessa
  6445 | D:6      | HP: 3/72 [Maggie/+0 morningstar of distortion (5)]
  6447 | D:6      | Slain by Maggie

Illustrated notes

Levels and vault maps discovered:
D:1:      heliophobic_arrival_henge, layout_loops_corners, serial_shops,
          nicolae_diamond_shop, kennysheep_decorative_pillar, st_stairs_12,
          minmay_misc_feat_columns
D:2:      layout_rooms, basic_ecumenical_altar, minmay_bisected, uniq_sigmund
D:3:      layout_loops_ring, nicolae_tso_swordbearing_angel,
          minmay_misc_feat_room, uniq_robin, uniq_grinder
D:4:      cheibrodos_barr_body, layout_gridville, zin_treasury,
          minmay_temple_entry_waves, corexii_checkpoint_a
D:5:      layout_basic, mainiacjoe_overflow_alcove_2,
          mainiacjoe_overflow_surrounded_room, kennysheep_generic_room_16,
          uniq_crazy_yiuf_cottage
D:6:      layout_rooms, lemuel_coloured_pillars_altar,
          nicolae_ru_the_path_less_chosen, uniq_duvessa, uniq_menkaure,
          uniq_maggie
Temple:   compressed_dpeg_triangle_lava_temple

Skill      XL: |  1  2  3  4  5  6  7  8  9 |
---------------+----------------------------+-----
Axes           | 3 5 7 |  7.0
Fighting       | 6 7 |  7.5
Shields        | 7 8 |  8.6
Armour         | |  3.2

Action                   |  1- 3 |  4- 6 |  7- 9 || total
-------------------------+-------+-------+-------++-------
Melee: War axe           |    76 |    54 |   214 ||   344
  Use: Scroll            |     4 |     2 |     8 ||    14
       Potion            |     1 |     1 |     7 ||     9
Armor: Scale mail        |    41 |     1 |       ||    42
       Chain mail        |       |    32 |   131 ||   163
Dodge: Dodged            |    48 |    19 |   100 ||   167
Block: Buckler           |    21 |     8 |    52 ||    81

Table legend: (Time is in decaauts)
 A = Elapsed time spent in this place.
 B = Non-inter-level travel time spent in this place.
 C = Inter-level travel time spent in this place.
 D = Time resting spent in this place.
 E = Time spent auto-exploring this place.
 F = Levels seen in this place.
 G = Mean time per level.
                   A        B        C        D        E       F      G
               +--------+--------+--------+--------+--------+-----+--------+
         Total |   6529 |   6228 |    301 |   1916 |   2052 |   7 |  932.7 |
       Dungeon |   6237 |   5936 |    301 |   1916 |   1788 |   6 | 1039.5 |
        Temple |    292 |    292 |      0 |      0 |    264 |   1 |  292.0 |
               +--------+--------+--------+--------+--------+-----+--------+

Top non-repeatable levels by time:
     D:5: 2029 daAuts
     D:1: 1227 daAuts
     D:4: 998 daAuts
     D:3: 956 daAuts
     D:2: 945 daAuts
  Temple: 292 daAuts
     D:6: 80 daAuts
